 Dungeon Crawl Stone Soup version 0.31-a0-819-gf6de2f5ab6 (webtiles) character file.

Game seed: 2590984024543142937

50 qw the Shooter (level 3, -2/22 HPs)
             Began as a Gargoyle Hunter on Sept 23, 2023.
             Slain by Sigmund
             ... wielding a +0 scythe
              (6 damage)
             ... on level 3 of the Dungeon.
             The game lasted 00:00:36 (1127 turns).

qw the Shooter (Gargoyle Hunter)                    Turns: 1127, Time: 00:00:36

Health: -2/22      AC: 11    Str: 14    XL:     3   Next: 79%
Magic:  3/3        EV: 10    Int:  9    God:
Gold:   88         SH:  0    Dex: 15    Spells: 2/2 levels left

rFire   . . .        Y - +0 orcbow
rCold   . . .        (shield currently unavailable)
rNeg    + . .        d - +0 ring mail
rPois   inf          b - +0 helmet
rElec   +            l - +0 cloak
rCorr   .            m - +0 pair of gloves
SInv    .            (no boots)
Will    .....        j - amulet of faith
Stlth   +            (no ring)
HPRegen 0.23/turn    (no ring)
MPRegen 0.08/turn

%: faith
@: no status effects
A: sickness immunity, AC +3, negative energy resistance 1, electricity
resistance, torment resistance 1, petrification resistance
a: no special abilities


You were on level 3 of the Dungeon.
You visited 1 branch of the dungeon, and saw 3 of its levels.

You collected 88 gold pieces.


Innate Abilities, Weirdness & Mutations

You are immune to sickness and miasma.
Your stone body is resilient. (AC +3)
You are immune to poison.
You resist negative energy. (rN+)
You are resistant to electric shocks. (rElec)
You are resistant to unholy torment.
You are immune to petrification.


   Skills:
 + Level 2.5 Fighting
 - Level 5.0 Ranged Weapons
 - Level 1.1 Armour
 - Level 1.5 Dodging
 - Level 1.1 Stealth


You had 2 spell levels left.
You didn't know any spells.
Your spell library was empty.

Inventory:

Hand Weapons
 Y - a +0 orcbow (weapon)
Armour
 b - a +0 helmet (worn)
 d - a +0 ring mail (worn)
 l - a +0 cloak (worn)
 m - a +0 pair of gloves (worn)
Jewellery
 j - an amulet of faith (around neck)
Scrolls
 a - 2 scrolls of teleportation
Potions
 e - a potion of heal wounds {unknown}
 f - a potion of ambrosia {unknown}
 g - a potion of resistance
 k - a potion of curing {unknown}

Dungeon Overview and Level Annotations

Branches:
Dungeon (3/15)

Altars:

Annotations:
D:3 Sigmund


Message History

You kill the hobgoblin!
You shoot an arrow. The arrow hits the worm!
The worm is moderately wounded.
You shoot an arrow. The arrow hits the worm!
You kill the worm!
There is an open door here.
Things that are here:
a worm corpse; a hobgoblin corpse
Found a stone staircase leading down.
You open the door.
Sigmund the Dreaded comes into view.
He is wielding a +0 scythe.
Sigmund shouts!
Sigmund casts a spell at you. The magic dart hits you.
You shoot an arrow. The arrow hits Sigmund.
Sigmund is lightly wounded.
Sigmund gestures wildly while chanting.
Sigmund flickers and vanishes!
Deactivating autopickup; reactivate with Ctrl-A.
You shoot an arrow.
You hear some strange, mumbled words.
You are confused.
You shoot an arrow.
A magic dart appears from out of thin air!
The magic dart hits you.
A magic dart appears from out of thin air!
The magic dart hits you!
You shoot an arrow. You shoot an arrow. Something hits you.
You shoot an arrow.
You feel less confused. Something completely misses you.
You shoot an arrow. Something hits you but does no damage.
You shoot an arrow. Something hits you but does no damage.
You shoot an arrow. Something hits you.
You die...

### #.. ##########
#.#### ##
..........###.##.. .#
..........>.#.##.#..#
............#.##.#{##.#
..............##......#
..........^##...@#
...........##.##.......+
...........##.####+#####
..............#
####'#####.##.+ # ###
#....#.# # ###..#.# #
#..#.# ####.#


There were no monsters in sight!

Vanquished Creatures
  3 worms
  2 dart slugs
  6 ball pythons (D:1)
  4 endoplasms
  A giant cockroach (D:1)
  2 hobgoblins (D:3)
  2 quokkas (D:1)
  5 bats
  2 frilled lizards
  2 goblins
  4 kobolds
  5 rats
38 creatures vanquished.

Notes
Turn   | Place    | Note
-------+----------+-------------------------------------------
     0 | D:1      | qw the Gargoyle Hunter began the quest for the Orb.
     0 | D:1      | Reached XP level 1. HP: 12/12 MP: 1/1
     0 | D:1      | 0 ||| qw: Version: 0.3-a-83-gcd0e7d8
     0 | D:1      | 0 ||| qw: Game counter: 1417
     0 | D:1      | 0 ||| qw: Melee chars always use a shield: true
     0 | D:1      | 0 ||| qw: God list: Okawaru
     0 | D:1      | 0 ||| qw: Allow faded altars: false
     0 | D:1      | 0 ||| qw: Do Orc after clearing Dungeon:15 true
     0 | D:1      | 0 ||| qw: Do second Lair branch before Depths: true
     0 | D:1      | 0 ||| qw: Lair rune preference: random
     0 | D:1      | 0 ||| qw: Goals: Normal
     0 | D:1      | 0 ||| PLANNING D:1-11
    20 | D:1      | 20 ||| DROPPING scroll of butterflies.
    96 | D:1      | 96 ||| UPGRADING to +0 helmet.
   101 | D:1      | 101 ||| UPGRADING to +0 ring mail.
   111 | D:1      | 111 ||| DROPPING +0 leather armour.
   160 | D:1      | Reached XP level 2. HP: 17/17 MP: 2/2
   161 | D:1      | Reached skill level 1 in Armour
   319 | D:1      | Reached XP level 3. HP: 21/21 MP: 3/3
   377 | D:1      | 377 ||| READING 2 scrolls labelled YRAYMUA HIEMI.
   382 | D:1      | 382 ||| READING scroll labelled BISTRI AVUGEDI.
   383 | D:1      | 383 ||| READING scroll labelled BAYFRE ORYN.
   384 | D:1      | 384 ||| READING 2 scrolls labelled LEMYOM GEIS.
   385 | D:1      | 385 ||| DRINKING 2 black potions.
   386 | D:1      | 386 ||| DROPPING scroll of immolation.
   445 | D:2      | 445 ||| SWAPPING to +0 orcbow.
   448 | D:2      | 448 ||| DROPPING +1 shortbow.
   733 | D:2      | Reached skill level 5 in Ranged Weapons
  1010 | D:2      | 1010 ||| UPGRADING to +0 cloak.
  1015 | D:2      | 1015 ||| UPGRADING to +0 pair of gloves.
  1020 | D:2      | 1020 ||| UPGRADING to amulet of faith.
  1025 | D:2      | 1025 ||| READING scroll labelled BONUOKITIF.
  1026 | D:2      | 1026 ||| READING scroll labelled FOIGAT YLOT.
  1118 | D:3      | Noticed Sigmund
  1123 | D:3      | HP: 3/22 [something (6)]
  1127 | D:3      | Slain by Sigmund

Levels and vault maps discovered:
D:1:      roderic_crop_circles_arrival_small, layout_rooms, minmay_box_of_dots
D:2:      layout_loops_ring
D:3:      layout_basic, tgw_xom, nicolae_sif_muna_condensation,
          nemelex_diamond_rough_becter, uniq_grinder, uniq_sigmund, uniq_natasha

Skill      XL: |  1  2  3 |
---------------+----------+-----
Armour         | 1 |  1.1
Ranged Weapons | 5 |  5.0
Fighting       | |  2.5
Dodging        | |  1.5
Stealth        | |  1.1

Action                     || total
---------------------------++-------
   Fire: Shortbow          ||    53
         Orcbow            ||    54
    Use: Scroll            ||     6
         Potion            ||     1
 Armour: Ring mail         ||    27
  Dodge: Dodged            ||    15

Table legend:
 A = Non-vault XP
 B = Vault XP
 C = Vault XP percentage of total XP
 D = Non-vault monster count
 E = Vault monster count
 F = Vault count percentage of total count
                 A         B        C        D         E       F
            +---------+---------+-------+---------+---------+-------
      Total |      63 |       9 |  12.5 |      34 |       4 |  10.5
            +---------+---------+-------+---------+---------+-------
        D:1 |      28 |       9 |  24.3 |      18 |       4 |  18.2
        D:2 |      26 |       0 |   0.0 |      13 |       0 |   0.0
        D:3 |       9 |       0 |   0.0 |       3 |       0 |   0.0
            +---------+---------+-------+---------+---------+-------
